 Dungeon Crawl Stone Soup version 0.31.0-9-g3a7656b989 (webtiles) character file.

Game seed: 13722580622134210523

53 qw the Shooter (level 3, -7/20 HPs)
             Began as a Deep Elf Hunter on Feb 2, 2024.
             Mangled by a gnoll
             ... wielding a +0 spear
              (8 damage)
             ... on level 3 of the Dungeon.
             The game lasted 00:00:03 (869 turns).

qw the Shooter (Deep Elf Hunter)                     Turns: 869, Time: 00:00:04

Health: -7/20      AC:  3    Str: 10    XL:     3   Next: 62%
Magic:  5/5        EV: 13    Int: 13    God:
Gold:   59         SH:  0    Dex: 24    Spells: 2/2 levels left

rFire   . . .        a - +1 shortbow
rCold   . . .        (shield currently unavailable)
rNeg    . . .        c - +0 leather armour
rPois   .            (no helmet)
rElec   .            (no cloak)
rCorr   .            (no gloves)
SInv    .            (no boots)
Will    .....        (no amulet)
Stlth   ++           g - +6 ring of dexterity
HPRegen 0.23/turn    (no ring)
MPRegen 0.09/turn

%: no passive effects
@: no status effects
A: no striking features
a: no special abilities


You were on level 3 of the Dungeon.
You visited 1 branch of the dungeon, and saw 3 of its levels.

You collected 59 gold pieces.


   Skills:
 - Level 1.5 Fighting
 - Level 7.1 Ranged Weapons
 + Level 2.4 Dodging
 - Level 1.2 Stealth


You had 2 spell levels left.
You didn't know any spells.
Your spell library was empty.

Inventory:

Hand Weapons
 a - a +1 shortbow (weapon)
Armour
 c - a +0 leather armour (worn)
 l - a +0 ring mail
Jewellery
 g - a +6 ring of dexterity (left hand)
Scrolls
 f - a scroll of noise {unknown}
 h - 2 scrolls of enchant armour
 k - a scroll of teleportation {unknown}
 m - a scroll of poison {unknown}
Potions
 b - a potion of berserk rage {unknown}
 d - a potion of cancellation
 e - a potion of curing {unknown}
 i - a potion of might {unknown}
 j - a potion of enlightenment

Dungeon Overview and Level Annotations

Branches:
Dungeon (2/15)

Altars:


Message History

857 ||| RETREEEEATING.
You shoot an arrow.
The arrow hits the gnoll but does no damage.
A quokka comes into view.
You shoot an arrow. The arrow hits the gnoll.
The gnoll is lightly wounded.
You shoot an arrow. The arrow barely misses the gnoll.
861 ||| RETREEEEATING.
862 ||| RETREEEEATING.
You shoot an arrow. The arrow hits the gnoll!
The gnoll is severely wounded.
You shoot an arrow.
The arrow hits the gnoll but does no damage.
The gnoll is severely wounded.
The gnoll misses you.
You shoot an arrow. The gnoll shouts!
The arrow hits the orc!
You kill the orc!
The gnoll barely misses you.
A gnoll comes into view. It is wielding a +0 whip.
You shoot an arrow. The gnoll shouts!
The arrow hits the gnoll!
The gnoll is severely wounded.
The gnoll hits you from afar with a +0 spear!
The quokka bites you.
You shoot an arrow. The arrow hits the gnoll.
You kill the gnoll!
The quokka bites you.
The gnoll hits you from afar with a +0 spear.
The quokka barely misses you.
Your Ranged Weapons skill increases to level 7!
You shoot an arrow. The arrow hits the quokka!
You kill the quokka!
The gnoll hits you from afar with a +0 spear.
You shoot an arrow. The arrow hits the gnoll.
The gnoll is almost dead.
The gnoll hits you from afar with a +0 spear!
You die...

#...........
#........$...
#........!..[.
#..............
#..............
#..............
#..............
#...@.g........
##...)).........
#..^...g.g......
#...............
#...............
#...............
#...............
#..............g
#............)).


You could see 3 gnolls.

Vanquished Creatures
  A gnoll (D:3)
  2 dart slugs (D:2)
  3 orcs (D:3)
  4 endoplasms (D:1)
  3 giant cockroaches (D:1)
  2 goblins (D:2)
  3 hobgoblins (D:1)
  2 kobolds
  A quokka (D:3)
  2 ball pythons
  6 bats
  3 frilled lizards
  A rat (D:2)
33 creatures vanquished.

Notes
Turn   | Place    | Note
-------+----------+-------------------------------------------
     0 | D:1      | qw the Deep Elf Hunter began the quest for the Orb.
     0 | D:1      | Reached XP level 1. HP: 12/12 MP: 3/3
     0 | D:1      | 0 ||| qw: Version: 0.3-a-155-g5e7d8dd
     0 | D:1      | 0 ||| qw: Game counter: 611
     0 | D:1      | 0 ||| qw: Melee chars always use a shield: true
     0 | D:1      | 0 ||| qw: God list: Okawaru
     0 | D:1      | 0 ||| qw: Allow faded altars: false
     0 | D:1      | 0 ||| qw: Do Orc after clearing Dungeon:15 true
     0 | D:1      | 0 ||| qw: Do second Lair branch before Depths: true
     0 | D:1      | 0 ||| qw: Lair rune preference: random
     0 | D:1      | 0 ||| qw: Goals: Normal
     0 | D:1      | 0 ||| PLANNING D:1-11
   145 | D:1      | Reached XP level 2. HP: 16/16 MP: 4/4
   177 | D:1      | Reached skill level 6 in Ranged Weapons
   612 | D:1      | 612 ||| UPGRADING to +6 ring of dexterity.
   613 | D:1      | 613 ||| READING scroll labelled SISHRO TYUG.
   714 | D:1      | 714 ||| READING 2 scrolls labelled NAITIU DUMNIZEKLEA.
   714 | D:1      | 714 ||| ENCHANTING +0 shortbow.
   715 | D:1      | 715 ||| READING scroll labelled CATHROI UZIAWKI.
   715 | D:1      | 715 ||| IDENTIFYING yellow potion
   716 | D:1      | 716 ||| READING scroll labelled WUXKUAQE OBOGA.
   716 | D:1      | 716 ||| ENCHANTING +0 shortbow.
   717 | D:1      | 717 ||| DRINKING 2 smoky red potions.
   718 | D:1      | 718 ||| DROPPING scroll of butterflies.
   746 | D:2      | 746 ||| STAIRDANCE
   792 | D:2      | Reached XP level 3. HP: 20/20 MP: 5/5
   848 | D:2      | You fall into a shaft and drop 1 floor!
   857 | D:3      | 857 ||| RETREEEEATING.
   861 | D:3      | 861 ||| RETREEEEATING.
   862 | D:3      | 862 ||| RETREEEEATING.
   867 | D:3      | HP: 5/20 [gnoll/+0 spear (4)]
   868 | D:3      | Reached skill level 7 in Ranged Weapons
   868 | D:3      | HP: 1/20 [gnoll/+0 spear (4)]
   869 | D:3      | Mangled by a gnoll

Levels and vault maps discovered:
D:1:      lemuel_arrival_cross, layout_basic, chequers_serial_rivers_small_b,
          minmay_tiny_reverse_x
D:2:      layout_loops_ring, serial_bayou, serial_bayou_lake_a,
          serial_bayou_pond_d, serial_bayou_pond_d, serial_bayou_shore_b,
          amcnicky_mini_corridor_feature
D:3:      layout_rooms, bloody_makhleb, shapermc_ecumenical_altar_totnotflames,
          dreamdust_wishing_well, wad_floor_pattern_2, dk_noncrumbling_3,
          chequers_serial_rivers_micro_d, uniq_ijyb

Skill      XL: |  1  2  3 |
---------------+----------+-----
Ranged Weapons | 6 7 |  7.1
Fighting       | |  1.5
Dodging        | |  2.4
Stealth        | |  1.2

Action                     || total
---------------------------++-------
   Fire: Shortbow          ||    78
    Use: Scroll            ||     4
         Potion            ||     1
 Armour: Leather armour    ||    10
  Dodge: Dodged            ||    24

Table legend:
 A = Non-vault XP
 B = Vault XP
 C = Vault XP percentage of total XP
 D = Non-vault monster count
 E = Vault monster count
 F = Vault count percentage of total count
                 A         B        C        D         E       F
            +---------+---------+-------+---------+---------+-------
      Total |      72 |       4 |   5.3 |      31 |       2 |   6.1
            +---------+---------+-------+---------+---------+-------
        D:1 |      25 |       4 |  13.8 |      15 |       2 |  11.8
        D:2 |      22 |       0 |   0.0 |      11 |       0 |   0.0
        D:3 |      25 |       0 |   0.0 |       5 |       0 |   0.0
            +---------+---------+-------+---------+---------+-------
